 Dungeon Crawl Stone Soup version 0.31-a0-331-geda263f (webtiles) character file.

Game seed: 9070868098081356375

78025 Dawnplanks the Bludgeoner (level 15, -2/189 HPs)
             Began as a Minotaur Berserker on July 19, 2023.
             Was a High Priest of Trog.
             Slain by Saint Roka
             ... wielding a +0 long sword
              (10 damage)
             ... on level 2 of the Orcish Mines.
             The game lasted 00:40:25 (20986 turns).

Dawnplanks the Bludgeoner (Minotaur Berserker)     Turns: 20986, Time: 00:40:26

Health: -2/189     AC: 36    Str: 27    XL:     15   Next: 17%
Magic:  32/32      EV:  9    Int:  1    God:    Trog [*****.]
Gold:   255        SH: 14    Dex: 18    Spells: 14/14 levels left

rFire   + . .        J - +5 demon whip (flame)
rCold   + . .        y - +0 kite shield
rNeg    + . .        s - +10 gold dragon scales of the Camelopard {rPois rF+ rC+ Will+ MP+9 Int-2 Slay+3}
rPois   +            X - +0 hat
rElec   .            C - +2 ratskin cloak {*Rats rPois rN+ Str-1 Int-1 Dex+1}
rCorr   .            f - +0 pair of gloves
SInv    .            m - +1 pair of boots
Will    ++...        h - amulet of regeneration Stlth
                     c - +4 ring of protection
HPRegen 1.31/turn    W - ring "Huazal" {MP+9 Dex+6}
MPRegen 0.23/turn

%: no passive effects
@: berserking (expiring), studying Dodging, very quick
A: horns 2, retaliatory headbutt, deformed body, frail 1, devolution 1
a: Renounce Religion, Berserk, Trog's Hand, Brothers in Arms


You were on level 2 of the Orcish Mines.
You worshipped Trog.
Trog was extremely pleased with you.
You visited 4 branches of the dungeon, and saw 19 of its levels.
You also visited: Bailey.

You collected 2259 gold pieces.
You spent 2004 gold pieces at shops.

Inventory:

Hand Weapons
 J - a +5 demon whip of flaming (weapon)
Missiles
 v - 6 boomerangs (quivered)
Armour
 f - a +0 pair of gloves (worn)
 m - a +1 pair of boots (worn)
 s - the +10 gold dragon scales of the Camelopard (worn) {rPois rF+ rC+ Will+ MP+9 Int-2 Slay+3}
   (You bought it in a shop on level 9 of the Dungeon)

   Int:       It affects your intelligence (-2).
   Slay:      It affects your accuracy & damage with ranged weapons and melee
   (+3).
   rF:        It protects you from fire.
   rC:        It protects you from cold.
   rPois:     It protects you from poison.
   MP:        It affects your magic capacity (+9).
   Will:      It increases your willpower.
 y - a +0 kite shield (worn)
 C - the +2 ratskin cloak (worn) {*Rats rPois rN+ Str-1 Int-1 Dex+1}
   (You found it on level 4 of the Dungeon)

   *Rats:     When the wearer is hurt, rats may emerge from it to assist them.
   Str:       It affects your strength (-1).
   Int:       It affects your intelligence (-1).
   Dex:       It affects your dexterity (+1).
   rPois:     It protects you from poison.
   rN:        It protects you from negative energy.
 L - a +0 plate armour
 S - a +1 ring mail of fire resistance
 X - a +0 hat (worn)
Jewellery
 c - a +4 ring of protection (left hand)
 e - a ring of protection from fire
 h - an amulet of regeneration (around neck)
 n - a ring of flight
 N - a +6 ring of intelligence
 V - a ring of ice
 W - the ring "Huazal" (right hand) {MP+9 Dex+6}
   (You found it on level 11 of the Dungeon)

   [ring of dexterity]

   Dex:       It affects your dexterity (+6).
   MP:        It affects your magic capacity (+9).
Wands
 j - a wand of iceblast (5)
 w - a wand of digging (7)
 O - a wand of mindburst (30)
Scrolls
 a - 5 scrolls of immolation {unknown}
 b - 4 scrolls of fog
 d - 13 scrolls of teleportation
 k - 5 scrolls of revelation
 l - a scroll of blinking
 p - 2 scrolls of torment
 q - 5 scrolls of poison
 r - 2 scrolls of fear
 u - 3 scrolls of silence
 z - a scroll of brand weapon
 E - 2 scrolls of vulnerability
 Z - 2 scrolls of noise
Potions
 g - 8 potions of curing
 i - 3 potions of brilliance
 o - a potion of ambrosia
 t - a potion of berserk rage {unknown}
 x - 6 potions of attraction
 A - a potion of magic {unknown}
 F - 3 potions of enlightenment
 H - 2 potions of lignification
 M - a potion of invisibility
 Q - a potion of haste {unknown}
 T - a potion of cancellation {unknown}
 Y - a potion of resistance {unknown}
Miscellaneous
 P - a lightning rod (4/4)


   Skills:
 + Level 15.4 Fighting
 + Level 18.1 Maces & Flails
 + Level 15.9 Armour
 + Level 6.6 Dodging
 + Level 15.3 Shields


You had 14 spell levels left.
You didn't know any spells.
Your spell library contained the following spells:

 Spells                   Type           Power      Damage    Failure   Level
 Necrotise                Necr           0%         1d4       100%        1
 Sandblast                Erth           0%         2d4       100%        1
 Cigotuvi's Dreadful Rot  Necr/Pois/Air  0%         N/A       100%        2
 Ensorcelled Hibernation  Hex/Ice        0%         N/A       100%        2
 Passwall                 Tmut/Erth      0%         N/A       100%        2
 Poisonous Vapours        Pois/Air       0%         N/A       100%        2
 Scorch                   Fire           0%         2d5       100%        2
 Dazzling Flash           Conj/Hex       0%         N/A       100%        3
 Mephitic Cloud           Conj/Pois/Air  0%         N/A       100%        3
 Stone Arrow              Conj/Erth      0%         3d7       100%        3
 Swiftness                Air            0%         N/A       100%        3
 Vampiric Draining        Necr           0%         2d6       100%        3
 Dispel Undead            Necr           0%         3d6       100%        4
 Flame Wave               Conj/Fire      0%         2d4       100%        4
 Manifold Assault         Tloc           0%         N/A       100%        4
 Agony                    Necr           0%         N/A       100%        5
 Freezing Cloud           Conj/Ice/Air   0%         6-21      100%        5
 Silence                  Hex/Air        0%         N/A       100%        5
 Death Channel            Necr           0%         N/A       100%        6
 Dispersal                Tloc           0%         N/A       100%        6
 Summon Cactus Giant      Summ           0%         N/A       100%        6
 Disjunction              Tloc           0%         N/A       100%        8


Dungeon Overview and Level Annotations

Branches:
Dungeon (11/15)            Temple (1/1) D:6            Lair (5/5) D:10
  Swamp (0/4) Lair:2       Spider (0/4) Lair:2        Slime (0/5) Lair:4
    Orc (2/2) D:10         Bailey (visited)
    Elf: Orc:2

Altars:
Ashenzari
Cheibriados
Dithmenos
Elyvilon
Fedhas
Gozag
Hepliaklqana
Kikubaaqudgha
Makhleb
Nemelex Xobeh
Okawaru
Qazlal
Ru
Sif Muna
Trog
Uskayaw
Vehumet
Wu Jian
Xom
Yredelemnul
Zin
The Shining One
Jiyva

Shops:
D:9 [   D:10 ([

Portals:
Hell: Lair:5

Annotations:
Orc:2 Saint Roka


Innate Abilities, Weirdness & Mutations

You have a pair of horns on your head.
You reflexively headbutt those who attack you in melee.
Armour fits poorly on your strangely shaped body.
You are frail. (-10% HP)
You have hidden genetic defects.


Message History

The orc dies!
Trog accepts your kill.
You whack the ogre! You burn the ogre.
You kill the ogre!
Trog accepts your kill.
Your skin stops crawling.
You feel less strong-willed.
The orc priest hits your river rat with a +0 whip!
You block the troll's attack. x2; The troll claws you but does no damage.
The orc warrior hits you with a +0 dire flail.
* * * LOW HITPOINT WARNING * * *
Saint Roka invokes the aid of Beogh against you.
Beogh smites you!
* * * LOW HITPOINT WARNING * * *
The orc warrior hits you but does no damage.
A warg comes into view.
Your deep troll bites the ogre!!
Your deep troll claws the ogre!!
The ogre dies!
Trog accepts your kill.
You thrash the troll!! You burn the troll. Your headbutt misses the troll.
The troll is severely wounded.
Your river rat bites the orc priest.
You thrash the troll!! You burn the troll.
You kill the troll!
Trog accepts your kill.
The orc priest barely misses your river rat.
You block the orc warrior's attack.
The orc warrior hits you but does no damage.
You block the orc warrior's attack.
You whack Saint Roka! You burn Saint Roka. You headbutt Saint Roka!
Saint Roka is lightly wounded.
Your river rat closely misses the orc priest.
You thrash Saint Roka!! You burn Saint Roka! You headbutt Saint Roka!
Saint Roka is moderately wounded.
Your deep troll bites the orc warrior!
Your deep troll claws the orc warrior! x2
The orc warrior dies!
Trog accepts your kill.
You closely miss Saint Roka. You headbutt Saint Roka!
Saint Roka is heavily wounded.
Saint Roka hits you with a +0 long sword!
You die...

.........#
.........#
.........##
......o.h.
......ooo#
.....rooo#
......o)o#
.....rT@r#
.....))..######
.....))........
.......†.......
........##...##
#.......#...##
...........##
#.........##
#.......))#


You could see Saint Roka (strong, ally target), a warg, 4 orc warriors, an orc
priest (strong, ally target), 3 orcs, a friendly deep troll (summoned, berserk)
and 3 friendly river rats.

Vanquished Creatures
  Gastronok (Lair:3)
  Kirke (Lair:4)
  A fire giant (D:11)
  An orc warlord (Orc:2)
  Erolcha (Orc:1)
  4 hydras
  2 vault guards (Bailey)
  2 boulder beetles
  Erica (D:9)
  2 two-headed ogres (D:11)
  13 death yaks
  An orc high priest (Orc:1)
  A hell knight (D:11)
  4 skysharks
  A sun demon (Lair:5)
  A deep troll (D:11)
  An orb spider (shapeshifter) (D:11)
  An orb spider (Lair:2)
  A wizard (Lair:5)
  An orc knight (Orc:2)
  A faun (shapeshifter) (D:11)
  An oklob plant (Lair:3)
  A deep elf pyromancer (D:11)
  A wolf spider (D:11)
  3 orc sorcerers (Orc:2)
  4 cyclopes (D:11)
  5 elephants
  A manticore (D:11)
  Joseph (D:8)
  6 black mambas
  11 cane toads
  A gargoyle (D:11)
  3 orange demons (Lair:5)
  13 komodo dragons
  7 rime drakes
  A tengu conjurer (D:11)
  2 ice devils (Lair:5)
  3 polar bears (Lair:5)
  A hellwing (Lair:5)
  3 trolls
  Grinder (D:4)
  Prince Ribbit (D:5)
  2 hornets
  11 dream sheep
  25 blink frogs
  Sigmund (D:5)
  3 wraiths
  9 basilisks
  A spriggan (shapeshifter) (D:11)
  A shadow (D:11)
  4 humans
  42 yaks
  2 wyverns
  8 hogs
  4 vampire mosquitoes (D:11)
  2 steam dragons
  3 wargs
  10 water moccasins
  2 hell hounds (Lair:5)
  4 ice beasts
  13 orc warriors
  2 black bears (D:5)
  An ice beast (shapeshifter) (D:11)
  A wolf (shapeshifter) (D:11)
  A sky beast (D:7)
  5 wolves
  8 ogres
  An ogre (shapeshifter) (D:11)
  4 boggarts (Lair:5)
  3 centaurs
  2 phantoms
  3 kobold brigands
  25 bullfrogs
  3 gnoll sergeants
  8 scorpions
  8 wights
  8 killer bees
  3 howler monkeys
  2 jellies
  2 gnoll boudas
  10 orc priests
  7 hounds
  Ijyb (D:3)
  Terence (D:2)
  3 iguanas
  A sleepcap (D:5)
  Natasha (thrice) (D:2)
  19 orc wizards
  4 hell rats (Lair:2)
  14 gnolls
  12 adders
  A shadow imp (D:6)
  5 white imps
  2 ufetubi
  2 worms
  47 orcs
  5 endoplasms
  6 giant cockroaches
  15 goblins
  9 hobgoblins
  2 jackals (D:3)
  13 kobolds
  3 quokkas
  6 ball pythons
  6 bats
  8 frilled lizards
  7 rats
  A butterfly (D:6)
562 creatures vanquished.

Vanquished Creatures (collateral kills)
  A dire elephant (Lair:5)
  A yaktaur captain (D:11)
  A death yak (Lair:3)
  3 orc knights
  A blink frog (Lair:5)
  A wyvern (D:10)
  3 wargs (Orc:2)
  An acid dragon (D:10)
  2 hell hounds (Lair:5)
  4 orc warriors
  An ogre (Orc:2)
  3 killer bees (D:9)
  A howler monkey (D:11)
  2 orc wizards
  2 gnolls
  13 orcs
  A spectral weapon (D:8)
41 creatures vanquished.

Grand Total: 603 creatures vanquished

Notes
Turn   | Place    | Note
-------+----------+-------------------------------------------
     0 | D:1      | Dawnplanks the Minotaur Berserker began the quest for the
                  | Orb.
     0 | D:1      | Reached XP level 1. HP: 19/19 MP: 0/0
   154 | D:1      | Reached XP level 2. HP: 24/27 MP: 1/1
   303 | D:1      | Reached skill level 4 in Maces & Flails
   669 | D:1      | Reached ** piety under Trog
   727 | D:2      | Reached XP level 3. HP: 34/34 MP: 2/2
  1021 | D:2      | Reached XP level 4. HP: 34/41 MP: 3/3
  1114 | D:2      | Noticed Terence
  1116 | D:2      | Found an opulent altar of Gozag.
  1122 | D:2      | Killed Terence
  1127 | D:2      | Reached skill level 5 in Maces & Flails
  1271 | D:2      | Noticed Natasha
  1427 | D:2      | Killed Natasha
  1428 | D:2      | Reached skill level 5 in Fighting
  1428 | D:2      | Reached XP level 5. HP: 38/48 MP: 4/4
  1606 | D:2      | Noticed Natasha
  1622 | D:2      | Killed Natasha
  1801 | D:2      | Noticed Natasha
  1809 | D:2      | Killed Natasha
  2263 | D:3      | Reached *** piety under Trog
  2477 | D:3      | Noticed Ijyb
  2496 | D:3      | Killed Ijyb
  2929 | D:4      | Reached XP level 6. HP: 52/56 MP: 5/5
  2958 | D:4      | Reached skill level 6 in Maces & Flails
  2997 | D:4      | Noticed Grinder
  3021 | D:4      | Killed Grinder
  3022 | D:4      | Reached skill level 1 in Shields
  3022 | D:4      | Reached XP level 7. HP: 59/62 MP: 6/6
  3064 | D:4      | Reached skill level 7 in Maces & Flails
  3589 | D:4      | Found the +2 ratskin cloak {*Rats rPois rN+ Str-1 Int-1
                  | Dex+1}
  3825 | D:4      | Reached skill level 5 in Armour
  3917 | D:5      | Entered Level 5 of the Dungeon
  4056 | D:5      | Reached skill level 8 in Maces & Flails
  4188 | D:5      | Reached XP level 8. HP: 71/71 MP: 7/7
  4351 | D:5      | Reached skill level 9 in Maces & Flails
  4399 | D:5      | Noticed Sigmund
  4416 | D:5      | Killed Sigmund
  4488 | D:5      | Noticed Prince Ribbit
  4512 | D:5      | Killed Prince Ribbit
  4648 | D:5      | Reached skill level 10 in Maces & Flails
  4656 | D:5      | Reached XP level 9. HP: 51/79 MP: 8/8
  5021 | D:5      | You fall into a shaft and drop 2 floors!
  5140 | D:6      | Reached skill level 5 in Shields
  5439 | D:6      | Found a shimmering altar of Xom.
  5483 | D:6      | Found a staircase to the Ecumenical Temple.
  5518 | Temple   | Entered the Ecumenical Temple
  6006 | D:6      | Found a sacrificial altar of Ru.
  6233 | D:7      | Reached skill level 11 in Maces & Flails
  6277 | D:7      | Found a hazy altar of Hepliaklqana.
  6755 | D:7      | Reached **** piety under Trog
  6829 | D:7      | Found a sparkling altar of Nemelex Xobeh.
  7310 | D:8      | Found a burning altar of Makhleb.
  7564 | D:8      | Found a flagged portal.
  7600 | Bailey   | Entered a bailey
  7695 | Bailey   | Reached skill level 5 in Dodging
  7698 | Bailey   | Reached XP level 10. HP: 68/88 MP: 9/9
  7870 | Bailey   | Noticed a vault guard
  7885 | Bailey   | Killed a vault guard
  7886 | Bailey   | Reached skill level 12 in Maces & Flails
  7896 | Bailey   | Gained mutation: You occasionally lose the ability to read
                  | scrolls when taking damage. [potion of mutation]
  7896 | Bailey   | Gained mutation: Potions are less effective at restoring
                  | your health. [potion of mutation]
  7896 | Bailey   | Gained mutation: You sometimes lose your temper in combat.
                  | [potion of mutation]
  7897 | Bailey   | Lost mutation: Potions are less effective at restoring your
                  | health. [potion of mutation]
  7897 | Bailey   | Lost mutation: You occasionally lose the ability to read
                  | scrolls when taking damage. [potion of mutation]
  7897 | Bailey   | Gained mutation: You are frail. (-10% HP) [potion of
                  | mutation]
  7897 | Bailey   | Gained mutation: You are occasionally teleported next to
                  | monsters. [potion of mutation]
  7897 | Bailey   | Gained mutation: You are somewhat resistant to further
                  | mutation. [potion of mutation]
  7934 | Bailey   | Noticed a vault guard
  7949 | Bailey   | Killed a vault guard
  8183 | D:8      | Found an ornate altar of the Wu Jian Council.
  8281 | D:8      | Found an ancient bone altar of Kikubaaqudgha.
  8292 | D:8      | Paralysed by a hornet for 3 turns
  8456 | D:8      | Noticed Joseph
  8476 | D:8      | Killed Joseph
  9092 | D:9      | Reached XP level 11. HP: 87/87 MP: 10/10
  9135 | D:9      | Reached skill level 10 in Armour
  9145 | D:9      | Reached skill level 13 in Maces & Flails
  9218 | D:9      | Noticed Erica
  9386 | D:9      | Killed Erica
  9588 | D:9      | Found Tokoyo's Dragon-Slaying Spoils.
 10246 | D:10     | Entered Level 10 of the Dungeon
 10742 | D:10     | Reached ***** piety under Trog
 10743 | D:10     | Reached skill level 10 in Fighting
 10802 | D:10     | Found Peaxkus's Armour Boutique.
 10802 | D:10     | Found a staircase to the Orcish Mines.
 10802 | D:10     | Found Syad's Weapon Boutique.
 10802 | D:10     | Noticed an orc knight
 10816 | D:10     | Killed an orc knight
 11132 | D:10     | Found a staircase to the Lair.
 11598 | D:11     | Reached skill level 14 in Maces & Flails
 11633 | D:11     | Noticed a fire giant
 11647 | D:11     | HP: 1/90 [fire giant/fireball (19)]
 11652 | D:11     | Noticed a deep elf pyromancer
 11763 | D:11     | Killed a fire giant
 11804 | D:11     | Reached skill level 10 in Shields
 11867 | D:11     | a raiju changed into a harpy
 11867 | D:11     | Noticed a harpy (glowing shapeshifter)
 12025 | D:11     | Killed a deep elf pyromancer
 12133 | D:11     | Reached XP level 12. HP: 94/96 MP: 9/11
 12230 | D:11     | Noticed a boulder beetle
 12369 | D:11     | Noticed a two-headed ogre
 12375 | D:11     | Killed a two-headed ogre
 12603 | D:11     | Noticed a two-headed ogre
 12608 | D:11     | Killed a two-headed ogre
 12701 | D:11     | Noticed a six-headed hydra
 12701 | D:11     | Noticed a yaktaur captain
 12711 | D:11     | Killed a six-headed hydra
 12728 | D:11     | Killed a yaktaur captain
 12825 | D:11     | Identified the ring "Huazal" {MP+9 Dex+6}
 12950 | D:11     | Identified the +6 hand axe "Woahim" {spect, rElec Int+4}
 12957 | D:11     | Reached skill level 15 in Maces & Flails
 12992 | D:11     | Identified the +2 spear of Rotation {flame, Int+2}
 13016 | D:11     | Killed a boulder beetle
 13597 | Lair:1   | Entered Level 1 of the Lair of Beasts
 14520 | Lair:2   | Noticed a death yak
 14521 | Lair:2   | Noticed a death yak
 14521 | Lair:2   | Noticed a death yak
 14535 | Lair:2   | Killed a death yak
 14536 | Lair:2   | Reached XP level 13. HP: 106/106 MP: 12/12
 14618 | Lair:2   | Found a staircase to the Swamp.
 14633 | Lair:2   | Found a hole to the Spider Nest.
 15794 | Lair:2   | Reached skill level 16 in Maces & Flails
 16414 | Lair:3   | Noticed Gastronok
 16608 | Lair:3   | Killed Gastronok
 17400 | Lair:4   | Reached XP level 14. HP: 117/117 MP: 13/13
 17622 | Lair:4   | Noticed Kirke
 17637 | Lair:4   | Received a gift from Trog
 17648 | Lair:4   | Killed Kirke
 17649 | Lair:4   | Reached skill level 17 in Maces & Flails
 18051 | Lair:4   | Found a viscous altar of Jiyva.
 18051 | Lair:4   | Found a staircase to the Slime Pits.
 18403 | Lair:5   | Entered Level 5 of the Lair of Beasts
 18479 | Lair:5   | Reached skill level 15 in Armour
 18963 | Lair:5   | Lost mutation: You sometimes lose your temper in combat.
                  | [potion of mutation]
 18963 | Lair:5   | Lost mutation: You are occasionally teleported next to
                  | monsters. [potion of mutation]
 18963 | Lair:5   | Lost mutation: You are somewhat resistant to further
                  | mutation. [potion of mutation]
 18963 | Lair:5   | Gained mutation: You have hidden genetic defects. [potion
                  | of mutation]
 19294 | Lair:5   | Received a gift from Trog
 19335 | Lair:5   | Reached skill level 15 in Fighting
 19401 | Lair:5   | Found a burning altar of Makhleb.
 19430 | Lair:5   | Found a gateway to Hell.
 19435 | Lair:5   | Gained mutation: Armour fits poorly on your strangely
                  | shaped body. [hidden defects]
 19439 | Lair:5   | Reached skill level 18 in Maces & Flails
 20016 | Orc:1    | Entered Level 1 of the Orcish Mines
 20196 | Orc:2    | Entered Level 2 of the Orcish Mines
 20216 | Orc:2    | Noticed an orc warlord
 20226 | Orc:1    | Noticed Erolcha
 20237 | Orc:1    | Killed Erolcha
 20427 | Orc:1    | Reached XP level 15. HP: 126/126 MP: 14/14
 20505 | Orc:1    | Found a shimmering blue altar of Sif Muna.
 20699 | D:9      | Bought the +10 gold dragon scales of the Camelopard {rPois
                  | rF+ rC+ Will+ MP+9 Int-2 Slay+3} for 2004 gold pieces
 20817 | Orc:2    | Reached skill level 15 in Shields
 20967 | Orc:2    | Noticed Saint Roka
 20981 | Orc:2    | HP: 5/189 [Saint Roka/divine providence (11)]
 20986 | Orc:2    | Slain by Saint Roka

Illustrated notes

Levels and vault maps discovered:
D:1:      dpeg_arrival_central, layout_basic, serial_corexii_hall,
          corexii_hall_statues_s, chequers_hall_statues_wall_a,
          minmay_misc_feat_tiny
D:2:      layout_rooms, serial_co_window_serial, co_window_paths_a,
          co_window_corner_a, co_window_paths_a, co_window_cross_1,
          co_window_paths_a, co_window_unsneaky_path_a, co_window_corner_cb,
          co_window_paths_c, co_window_corner_ca, co_window_cross_4,
          co_window_corner_b, co_window_unsneaky_path_e, glass_columns_b,
          basic_altar, minmay_tripent, uniq_natasha, uniq_terence
D:3:      layout_basic, kennysheep_pointless_box, uniq_ijyb
D:4:      layout_basic, serial_bayou_pond_e, uniq_grinder
D:5:      kennysheep_six_static_rooms, layout_basic, uniq_sigmund,
          uniq_prince_ribbit1
D:6:      layout_basic, xom_butterflies, kennysheep_mini, temple_statues,
          minmay_manual_monstrance
D:7:      layout_loops_ring, old_standard_altar, nemelex_dance_club_becter,
          lightli_orcish_oven
D:8:      layout_basic, amcnicky_altar_gilded, lemuel_tele_altar,
          nicolae_wu_jian_wuxing_cycle, enter_bailey_3, nicolae_two_hexagons,
          grunt_decor_mini_mirrors, abandoned_shop, chequers_avenue, uniq_joseph
D:9:      layout_roguey, nicolae_shop_dragon_depot, grunt_livestock, uniq_erica
D:10:     layout_loops_corners, grunt_lair_entry_orc_guard_hut, orc_david_3
D:11:     layout_loops_cross, nicolae_rejected_hall
Temple:   bh_familiar_temple
Lair:1:   layout_cave_pods, lemuel_fruit_fields
Lair:2:   layout_concentric_octagons, swamp_mist,
          nicolae_spider_entry_orb_guardian
Lair:3:   layout_layer_cave, uniq_gastronok
Lair:4:   layout_loops_ring, dpeg_slime_entry_enclosed, serial_bayou_shore_a,
          uniq_kirke
Lair:5:   evil_forest, layout_regular_city, kilobyte_rumbling_trees,
          lemuel_fruit_tree, infiniplex_staircase_pool_2
Orc:1:    layout_caves, kennysheep_orc_sif_temple, uniq_erolcha
Orc:2:    st_orc_town, layout_diamond_mine, uniq_saint_roka

Skill      XL: |  1  2  3  4  5  6  7  8  9 10 11 12 13 14 15 |
---------------+----------------------------------------------+-----
Fighting       | 4 5 6 7 8 9 10 12 13 15 | 15.4
Maces & Flails | 4 5 6 8 10 11 12 14 15 16 18 | 18.1
Armour         | 3 4 5 6 8 9 11 13 14 15 | 15.9
Dodging        | 3 5 6 |  6.6
Shields        | 1 2 4 6 8 10 12 13 14 15 | 15.3

Action                     |  1- 3 |  4- 6 |  7- 9 | 10-12 | 13-15 || total
---------------------------+-------+-------+-------+-------+-------++-------
  Melee: Mace              |    95 |   125 |   380 |   599 |       ||  1199
         Headbutt          |    14 |    16 |    85 |   175 |   203 ||   493
         Unarmed           |       |     5 |       |       |       ||     5
         Demon whip        |       |       |       |   134 |   791 ||   925
  Throw: Stone             |       |       |     4 |       |       ||     4
         Boomerang         |       |       |       |     2 |       ||     2
 Invoke: Trog's Hand       |       |     3 |     2 |     5 |    10 ||    20
         Berserk           |       |       |     3 |    10 |     5 ||    18
         Brothers in Arms  |       |       |       |     2 |     4 ||     6
    Use: Scroll            |       |       |     9 |    14 |     6 ||    29
         Potion            |       |       |       |     6 |     1 ||     7
   Stab: Distracted        |       |       |       |     1 |     2 ||     3
 Armour: Animal skin       |     2 |       |       |       |       ||     2
         Chain mail        |    44 |    71 |   186 |    14 |       ||   315
         Skin              |       |     8 |       |       |       ||     8
         Plate armour      |       |       |       |   273 |   233 ||   506
         Gold dragon scale |       |       |       |       |    52 ||    52
  Dodge: Dodged            |    38 |    68 |   118 |   149 |   183 ||   556
  Block: Kite shield       |       |    16 |   141 |   301 |   384 ||   842

Table legend: (Time is in decaauts)
 A = Elapsed time spent in this place.
 B = Non-inter-level travel time spent in this place.
 C = Inter-level travel time spent in this place.
 D = Time resting spent in this place.
 E = Time spent auto-exploring this place.
 F = Levels seen in this place.
 G = Mean time per level.
                   A        B        C        D        E       F      G
               +--------+--------+--------+--------+--------+-----+--------+
         Total |  20942 |  19482 |   1460 |   1403 |  14732 |  20 | 1047.1 |
       Dungeon |  13436 |  12400 |   1036 |    928 |   9382 |  11 | 1221.5 |
        Temple |     87 |     11 |     76 |      0 |     10 |   1 |   87.0 |
          Lair |   6222 |   5961 |    261 |    433 |   4601 |   5 | 1244.4 |
  Orcish Mines |    751 |    665 |     86 |     39 |    461 |   2 |  375.5 |
        Bailey |    443 |    443 |      0 |      1 |    277 |   1 |  443.0 |
               +--------+--------+--------+--------+--------+-----+--------+

Top non-repeatable levels by time:
    D:11: 2145 daAuts
     D:8: 1513 daAuts
  Lair:2: 1486 daAuts
  Lair:5: 1411 daAuts
  Lair:3: 1319 daAuts
    D:10: 1297 daAuts
     D:5: 1257 daAuts
     D:9: 1222 daAuts
     D:2: 1154 daAuts
     D:4: 1139 daAuts
     D:7: 1092 daAuts
  Lair:4: 1089 daAuts
     D:3: 961 daAuts
     D:6: 926 daAuts
  Lair:1: 915 daAuts
